 Dungeon Crawl Stone Soup version 0.27.1-2-g3b301248ec (webtiles) character file.

Game seed: 12755753904731609038

107 DoubleLucky the Caller (level 4, 0/24 HPs)
             Began as a Tengu Summoner on Oct 1, 2021.
             Killed from afar by an orc wizard (7 damage)
             ... with a magic dart
             ... on level 3 of the Dungeon.
             The game lasted 00:08:15 (3242 turns).

DoubleLucky the Caller (Tengu Summoner)             Turns: 3242, Time: 00:08:16

Health: 0/24       AC:  6    Str: 10    XL:     4   Next: 85%
Magic:  6/10       EV: 12    Int: 15    God:
Gold:   156        SH:  0    Dex: 14    Spells: 3/9 levels left

rFire    . . .     SeeInvis .   h - +0 spear
rCold    . . .     Faith    .   (no shield)
rNeg     . . .     Spirit   .   a - +0 robe
rPois    .         Reflect  .   (helmet restricted)
rElec    .         Harm     .   (no cloak)
rCorr    .         Rampage  .   (no gloves)
Will     .....                  (boots unavailable)
Stlth    ++........             (no amulet)
HPRegen  0.08/turn              p - +4 ring of protection
MPRegen  0.12/turn              (no ring)

@: no status effects
A: beak, talons 3
a: no special abilities


You were on level 3 of the Dungeon.
You visited 1 branch of the dungeon, and saw 3 of its levels.

You collected 156 gold pieces.

Inventory:

Hand Weapons
 c - a +0 short sword
 d - a +0 dagger
 h - a +0 spear (weapon)
Missiles
 f - 19 poisoned darts
Armour
 a - a +0 robe (worn)
Jewellery
 p - a +4 ring of protection (left hand)
Scrolls
 b - a scroll of teleportation {unknown}
 e - a scroll of enchant armour {unknown}
 j - a scroll of summoning {unknown}
 m - a scroll of immolation {unknown}
 n - a scroll of identify {unknown}
 o - a scroll of magic mapping {unknown}
Potions
 g - a potion of ambrosia {unknown}
 i - a potion of attraction {unknown}
 k - 2 potions of curing
 l - a potion of haste {unknown}


   Skills:
 - Level 2.1 Dodging
 - Level 2.0 Stealth
 + Level 3.4 Spellcasting
 + Level 6.1 Summonings


You had 3 spell levels left.
You knew the following spells:

 Your Spells              Type           Power      Damage    Failure   Level
a - Summon Small Mammal   Summ           84%        N/A       1%          1
b - Call Imp              Summ           21%        N/A       2%          2
c - Call Canine Familiar  Summ           21%        N/A       4%          3

Your spell library contained the following spells:

 Spells                   Type           Power      Damage    Failure   Level
 Summon Guardian Golem    Hex/Summ       11%        N/A       16%         3
 Summon Lightning Spire   Summ/Air       11%        N/A       47%         4


Dungeon Overview and Level Annotations

Branches:
Dungeon (3/15)

Altars:
Kikubaaqudgha

Shops:
D:2 [*

Annotations:
D:3 Jessica


Innate Abilities, Weirdness & Mutations

You have a beak for a mouth.
You have claws for feet.


Message History

* * * LOW HITPOINT WARNING * * *
Your white imp hits the orc priest but does no damage.
Your hound bites the orc priest but does no damage.
The orc wizard hits your white imp with a +0 dagger.
Your crimson imp hits the orc priest.
The orc priest hits your white imp with a +0 dagger.
Reach: h) +0 spear
Press: ? - help, Dir - move target, f/p - orc priest
Aim: an orc priest, wielding a +0 dagger and wearing a +0 scale mail (heavily wounded, ally target, about 36% to evade your +0 spear)
You reach to attack!
You barely miss the orc priest.
The orc priest is heavily wounded.
Your hound bites the orc priest but does no damage.
Your white imp hits the orc priest but does no damage.
The orc wizard hits your white imp with a +0 dagger.
Your white imp dies!
Your hound bites the orc priest.
Your crimson imp barely misses the orc priest.
The orc priest hits your hound but does no damage.
Reach: h) +0 spear
Press: ? - help, Dir - move target, f/p - orc priest
Aim: an orc priest, wielding a +0 dagger and wearing a +0 scale mail (heavily wounded, ally target, about 36% to evade your +0 spear)
You reach to attack!
You barely miss the orc priest.
The orc priest is heavily wounded.
Your hound bites the orc priest.
The orc wizard mumbles some strange words.
The orc wizard flickers and vanishes!
Deactivating autopickup; reactivate with Ctrl-A.
Your crimson imp hits the orc priest.
Your hound bites the orc priest.
The orc priest begins to cast a cantrip, but forgets the words!
A kobold comes into view. It is wielding a +0 dagger.
Your hound bites the orc priest but does no damage.
Your crimson imp blinks!
The orc priest barely misses your hound.
Your hound bites the orc priest but does no damage.
Your hound closely misses the orc priest.
The orc priest hits your hound with a +0 dagger.
Your hound bites the orc priest but does no damage.
A magic dart appears from out of thin air!
The magic dart hits you!
You die...

.......†................#
...............>.......<#
...'#####...............#
.♣....# #...............#
......# ##..............#
#.....# #..........<...#
####### #....5.........#
#######...###### #@#####
#.# ..+ #{##.## #.#...#
####.h...# #..Ko###..#
#..5.# # #.# #..##. ..
#..5 #. ..


You could see an orc priest (ally target), a kobold, a friendly hound (summoned)
and a friendly crimson imp (summoned).

Vanquished Creatures
  3 adders
  2 endoplasms (D:2)
  A giant cockroach (D:1)
  2 goblins
  A hobgoblin (D:2)
  3 jackals (D:1)
  A quokka (D:2)
  A ball python (D:3)
  6 bats
  2 frilled lizards
  A kobold (D:1)
  A rat (D:1)
24 creatures vanquished.

Vanquished Creatures (collateral kills)
  A howler monkey (D:3)
  Ijyb (D:2)
  4 dart slugs (D:1)
  2 bats (D:2)
  2 endoplasms (D:1)
  A giant cockroach (D:1)
  3 goblins
  A hobgoblin (D:2)
  A quokka (D:1)
  3 ball pythons
  3 frilled lizards
  A kobold (D:1)
  3 rats
26 creatures vanquished.

Grand Total: 50 creatures vanquished

Notes
Turn   | Place    | Note
-------+----------+-------------------------------------------
     0 | D:1      | DoubleLucky the Tengu Summoner began the quest for the Orb.
     0 | D:1      | Reached XP level 1. HP: 10/10 MP: 4/4
   180 | D:1      | Reached skill level 5 in Summonings
   237 | D:1      | Reached XP level 2. HP: 15/15 MP: 1/6
   846 | D:1      | Reached XP level 3. HP: 10/19 MP: 5/7
  1472 | D:2      | Learned a level 2 spell: Call Imp
  1550 | D:2      | Found a faded altar of an unknown god.
  1880 | D:2      | Found Mivudib's Antique Armour Boutique.
  2430 | D:2      | Found Heridum's General Store.
  2739 | D:3      | Reached XP level 4. HP: 24/24 MP: 3/9
  2755 | D:3      | Reached skill level 6 in Summonings
  2756 | D:3      | Noticed Jessica
  2762 | D:3      | Noticed Ijyb
  2894 | D:2      | Killed Ijyb
  3080 | D:3      | Learned a level 3 spell: Call Canine Familiar
  3160 | D:3      | Found an ancient bone altar of Kikubaaqudgha.
  3242 | D:3      | Killed from afar by an orc wizard

Illustrated notes

Levels and vault maps discovered:
D:1:      lightli_arrival_flooded_house, layout_basic
D:2:      layout_loops_corners, hellmonk_ecumenical_altar_pennies_from_heaven,
          serial_shops, nicolae_shop_window_shopping,
          nicolae_shop_overgrown_old_shop
D:3:      minmay_razor_zed, layout_basic, mainiacjoe_overflow_tiny_flanked,
          minmay_vboxes, uniq_ijyb, uniq_jessica

Skill      XL: |  1  2  3  4 |
---------------+-------------+-----
Summonings     | 5 6 |  6.1
Spellcasting   | 3 |  3.4
Dodging        | |  2.1
Stealth        | |  2.0

Action                   |  1- 3 |  4- 6 || total
-------------------------+-------+-------++-------
Melee: Short sword       |     5 |       ||     5
       Kick              |    11 |     2 ||    13
       Unarmed           |     1 |       ||     1
       Dagger            |    21 |       ||    21
       Peck              |     7 |       ||     7
       Spear             |    48 |    29 ||    77
 Cast: Summon Small Mamm |    50 |     6 ||    56
       Call Imp          |     8 |     9 ||    17
       Call Canine Famil |       |     2 ||     2
 Stab: Distracted        |     1 |     1 ||     2
       Sleeping          |     2 |       ||     2
Armor: Robe              |    24 |     3 ||    27
Dodge: Dodged            |    37 |     9 ||    46
